Bacon, lawful male dwarven Archeologist ----- ..--- |....- ....| ---..q@. G --..| |...---- |..|---..-- |.--|...| |.|.-.--- |.|.... -...... ..... Bacon the Investigator Experience level: 6 Strength: 11 Dexterity: 10 Constitution: 14 Intelligence: 16 Wisdom: 16 Charisma: 10 Health: 0(51) Energy: 32(32) AC: 9 Gold: 237 Moves: 1741 Your Inventory: Coins $ - 237 gold pieces Weapons a - an uncursed +2 bullwhip k - a [blessed +2] sling of detonation (alternate weapon; not wielded) l - 5 [uncursed +0] darts Armor b - an uncursed +0 leather jacket (being worn) c - an uncursed +0 fedora (being worn) Comestibles d - 5 uncursed food rations Scrolls j - an [uncursed] scroll labeled FOOBIE BLETCH [of identify] u - an [uncursed] scroll labeled LOREN IPSUM [of remove curse] Spellbooks E - an [uncursed] velvet spellbook [of cancellation] Potions m - an [uncursed] puce potion [of extra healing] w - an [uncursed] indigo potion [of see invisible] Wands t - an [uncursed] porcelain wand [of light (0:11)] Tools e - an uncursed +0 pick-axe (weapon in hand) f - an uncursed tinning kit (0:97) h - an uncursed sack i - an uncursed tin opener n - an [uncursed] towel Gems g - an uncursed touchstone z - an [uncursed] jasper stone A - 2 [uncursed] obsidian stones B - 2 [uncursed] worthless pieces of green glass C - an [uncursed] worthless piece of orange glass D - 9 [uncursed] rocks (in quiver) Spells known in the end: Name Level Category Fail Memory Your skills at the end: Fighting Skills Weapon Skills pick-axe [Basic / Expert] sling [Basic / Skilled] whip [Basic / Expert] Spellcasting Skills Final Attributes: You were devoutly aligned. Hunger level was 426. Your alignment was 18 / 18. Monster difficulty range was 1 - 7. Level difficulty was 8. You had infravision. You were stealthy. You were fast. Your luck was zero. You are dead. Vanquished creatures: a small mimic a bugbear a rock piercer a fog cloud 2 gnome lords 2 elf zombies a kitten a centipede 2 dwarf zombies an acid blob 3 giant rats 2 gnomes 3 jackals 5 kobolds a grid bug a bat a lichen 4 newts 33 creatures vanquished. Voluntary challenges: You were an atheist. You were illiterate. You used a wielded weapon 93 times. You put on armor 2 times. You never genocided any monsters. You never polymorphed an object. You never changed form. You used no wishes. You never wrote Elbereth's name. You never encountered a bones level. You never used any Sokoban shortcuts. Dungeon overview: The Dungeons of Doom: levels 1 to 4 Level 1 a long staircase Level 2 a general store, a sink Level 3 stairs to The Gnomish Mines The Gnomish Mines: levels 4 to 8 Level 4 stairs to The Dungeons of Doom Level 8 <- You were here History has recorded: On T:1 you entered the Dungeons of Doom to retrieve the Amulet of Yendor! On T:349 you advanced to experience level 2. On T:382 you reached level 2 of The Dungeons of Doom. On T:443 you reached level 3 of The Dungeons of Doom. On T:514 you advanced to experience level 3. On T:743 you advanced to experience level 4. On T:877 you reached level 4 of The Dungeons of Doom. On T:1067 you advanced to experience level 5. On T:1162 you reached level 1 of The Gnomish Mines. On T:1401 you reached level 2 of The Gnomish Mines. On T:1613 you advanced to experience level 6. On T:1696 you reached level 3 of The Gnomish Mines. On T:1711 you reached level 5 of The Gnomish Mines. Latest messages: You start digging. You hit the rock with all your might. You make an opening in the wall. [2 turns] You see here a food ration. d - an uncursed food ration. You start digging. You hit the rock with all your might. You make an opening in the wall. The leocrotta hits! The leocrotta bites! The leocrotta hits! [HP-15=36] [2 turns] The leocrotta hits! The leocrotta bites! The leocrotta hits! [HP-23=13] The leocrotta hits! The leocrotta bites! The leocrotta hits! You die... The sack is empty. Final status: Goodbye Bacon the Archeologist... You died in The Gnomish Mines on dungeon level 8 with 1940 points, and 237 pieces of gold, after 1741 moves. You were level 6 with a maximum of 51 hit points when you died.